 Dungeon Crawl Stone Soup version 0.13-a0-2682-gb26bf1a (webtiles) character file.

414 M4edhros the Shooter (level 5, 0/34 HPs)
             Began as an Octopode Wanderer on Aug 13, 2013.
             Slain by an orc wizard
             ... wielding a -1,+1 orcish dagger
              (3 damage)
             ... on Level 3 of the Dungeon.
             The game lasted 00:03:47 (1899 turns).

M4edhros the Shooter (Octopode Wanderer)            Turns: 1899, Time: 00:03:47

HP   0/34        AC  1     Str 15      XL: 5   Next: 84%
MP   1/6         EV 10     Int 16      God:
Gold 208         SH  0     Dex  7      Spells:  1 memorised,  3 levels left

Res.Fire  : + . .   See Invis. : .   w - +2,+3 war axe (chop)
Res.Cold  : + . .   Warding    : .   m - +0 buckler
Life Prot.: . . .   Conserve   : .   (helmet restricted)
Res.Poison: +       Res.Corr.  : .   (no amulet)
Res.Elec. : +       Clarity    : .   (no ring)
Sust.Abil.: . .     Spirit.Shd : .   (no ring)
Res.Mut.  : .       Stasis     : .   (no ring)
Res.Rott. : .       Flight     : .   (no ring)
Saprovore : . . .                    (no ring)
                                     (no ring)
                                     (no ring)
                                     (no ring)

@: confused, slightly resistant to hostile enchantments, fairly stealthy
A: almost no armour, amphibious, 8 rings, constrict 8, camouflage 1, berserk 1,
blink 1, AC +1, Str +1, Dex -1
a: Blink


You were on level 3 of the Dungeon.
You were very hungry.

You visited 1 branch of the dungeon, and saw 3 of its levels.

You collected 158 gold pieces.

Inventory:

Hand weapons
 a - a +1,+2 bow
 c - a +0,+0 dagger (quivered)
 g - a +1,+3 dwarven hand axe of flaming
 i - a +2,+0 dwarven dagger of venom
 w - a +2,+3 war axe of chopping (weapon)
Missiles
 d - 25 arrows
 r - 5 arrows of frost
Armour
 m - a +0 buckler (worn)
Comestibles
 b - an apple
 f - a bread ration
 j - a choko
Scrolls
 h - 3 scrolls of noise {unknown}
 l - 2 scrolls of blinking {unknown}
 n - 5 scrolls of remove curse {unknown}
 o - 2 scrolls of random uselessness {unknown}
 p - a scroll of curse armour {unknown}
 q - a scroll of recharging {unknown}
 s - a scroll of amnesia {unknown}
 u - a scroll of teleportation {unknown}
Potions
 e - 2 potions of brilliance


   Skills:
 - Level 4.0 Fighting
 + Level 5.5 Bows
 - Level 2.6 Stealth
   Level 1.0 Ice Magic
 - Level 2.0 Earth Magic


You had 3 spell levels left.
You knew the following spells:

 Your Spells              Type           Power        Failure   Level  Hunger
a - Sandblast             Erth           #.....       14%         1    ##.....


Dungeon Overview and Level Annotations

Branches:
Dungeon (3/27)

Altars:


Innate Abilities, Weirdness & Mutations

You cannot wear most types of armour.
You are amphibious.
You can wear up to eight rings at the same time.
You can use your tentacles to constrict many enemies at once.
Your skin changes colour to match your surroundings (Stlth).
Your rubbery body absorbs attacks (AC +1).
You tend to lose your temper in combat.
You can translocate small distances at will.
Your muscles are strong, but stiff (Str +1, Dex -1).


Message History

Aiming: Sandblast
Press: ? - help, Shift-Dir - straight line, f/p - orc
Aim: an orc, wielding an orcish club The blast of sand hits something.
It hits you.
* * * LOW HITPOINT WARNING * * *
Casting: Sandblast
Confirm with . or Enter, or press ? or * to list all spells.
Aiming: Sandblast
Press: ? - help, Shift-Dir - straight line, f/p - orc
Aim: an orc, wielding an orcish club The blast of sand misses the orc.
You hear some strange, mumbled words.
You are confused.
You're too confused to cast spells.
You're too confused!
Unknown command.
Ouch! It hits you.
* * * LOW HITPOINT WARNING * * *
Ouch! It hits you.
You die...

*###.#******,#.#.%....).......(..
* #.# *,#.#..<............##
***#.# ,#.#...............# ,
,..# *,#.##.############.# ******
*,#.#... ,,,,,,,,,#.#
*,#.##.#**#######,#.#*
************,#.##.# *.$....#,*.#,
,,,,,,,,,,,,,#.######...##.#,*,*,
*************#..@.o).......#,*,*,
########...#..#,*,*,
*.o.#***,*,** *.....,, *,*
*..####*,*,** *...,,,,,,,,,
*.###*****,** *..,,,,,,,,*
*#***** ****


You could see an orc.

Vanquished Creatures
  A hound (D:3)
  An orc priest (D:3)
  An orc wizard (D:3)
  A gnoll (D:1)
  5 adders (D:2)
  2 giant mites
  3 giant geckos
  3 orcs (D:3)
  A ball python (D:3)
  7 bats
  A giant cockroach (D:1)
  2 hobgoblins
  2 jackals (D:2)
  A giant newt (D:3)
  8 goblins
  9 kobolds
  A quokka (D:3)
  A rat (D:1)
50 creatures vanquished.

Notes
Turn   | Place    | Note
--------------------------------------------------------------
     0 | D:1      | M4edhros, the Octopode Wanderer, began the quest for the Orb.
     0 | D:1      | Reached XP level 1. HP: 12/12 MP: 2/2
   177 | D:1      | Reached XP level 2. HP: 13/18 MP: 3/3
   455 | D:1      | Reached XP level 3. HP: 15/23 MP: 4/4
   783 | D:2      | Reached XP level 4. HP: 27/29 MP: 5/5
  1411 | D:3      | Paralysed by a potion of paralysis for 2 turns
  1415 | D:3      | Gained mutation: You can translocate small distances at will. [potion of mutation]
  1415 | D:3      | Gained mutation: Your muscles are strong, but stiff (Str +1, Dex -1). [potion of mutation]
  1415 | D:3      | Gained mutation: You tend to lose your temper in combat. [potion of mutation]
  1429 | D:3      | Reached XP level 5. HP: 21/34 MP: 6/6
  1438 | D:3      | Reached skill level 5 in Bows
  1899 | D:3      | Slain by an orc wizard

Action                   |  1- 3 |  4- 6 || total
-------------------------+-------+-------++-------
Melee: Hand axe          |    37 |    36 ||    73
       War axe           |       |    25 ||    25
 Fire: Bow               |    12 |       ||    12
 Cast: Sandblast         |       |     6 ||     6
  Use: Potion            |     2 |     9 ||    11
       Scroll            |       |     1 ||     1
 Stab: Sleeping          |     2 |     3 ||     5
